 Dungeon Crawl Stone Soup version 0.29.1-12-g30fa7ad0bf (webtiles) character file.

Game seed: 11067766803354618450

51 xian the Trooper (level 3, -2/40 HPs)
             Began as an Ogre Berserker on Jan 7, 2023.
             Was a Believer of Trog.
             Slain by an adder (3 damage)
             ... on level 2 of the Dungeon.
             The game lasted 00:02:50 (2361 turns).

xian the Trooper (Ogre Berserker)                   Turns: 2361, Time: 00:02:51

Health: -2/40      AC:  3    Str: 23    XL:     3   Next: 83%
Magic:  3/3        EV: 10    Int:  8    God:    Trog [**....]
Gold:   156        SH:  0    Dex:  8    Spells: 2/2 levels left

rFire   . . .      SeeInvis .   j - +1 hand axe (drain)
rCold   . . .      Faith    .   (no shield)
rNeg    . . .      Spirit   .   b - +0 animal skin
rPois   .          Reflect  .   (helmet restricted)
rElec   .          Harm     .   (no cloak)
rCorr   .          Rampage  .   (gloves unavailable)
Will    .....                   (boots unavailable)
Stlth   +.........              (no amulet)
HPRegen 0.13/turn               (no ring)
MPRegen 0.08/turn               (no ring)

@: lethally poisoned (-2 -> -4)
A: large, unfitting armour, tough skin 1
a: Renounce Religion, Berserk, Trog's Hand


You were on level 2 of the Dungeon.
You worshipped Trog.
Trog was pleased with you.
You visited 1 branch of the dungeon, and saw 2 of its levels.

You collected 156 gold pieces.

Inventory:

Hand Weapons
 j - a +1 hand axe of draining (weapon)
Missiles
 a - 6 poisoned darts (quivered)
Armour
 b - a +0 animal skin (worn)
Scrolls
 e - a scroll of silence {unknown}
 g - a scroll of noise {unknown}
 h - 2 scrolls of blinking {unknown}
 i - a scroll of identify {unknown}
Potions
 c - a potion of brilliance {unknown}
 d - a potion of invisibility {unknown}
 f - a potion of might {unknown}
 k - a potion of berserk rage {unknown}
 l - a potion of heal wounds {unknown}


   Skills:
 + Level 4.6 Fighting
 + Level 3.6 Axes
 + Level 3.3 Dodging
 + Level 0.1 Stealth


You had 2 spell levels left.
You didn't know any spells.
Your spell library contained the following spells:

 Spells                   Type           Power      Damage    Failure   Level
 Magic Dart               Conj           0%         1d3       41%         1
 Call Imp                 Summ           0%         N/A       54%         2
 Mephitic Cloud           Conj/Pois/Air  0%         N/A       78%         3


Dungeon Overview and Level Annotations

Branches:
Dungeon (2/15)

Altars:


Innate Abilities, Weirdness & Mutations

You are too large for most types of armour.
You have tough skin. (AC +1)


Message History

You barely miss the adder.
The adder is moderately wounded.
You feel sick. The adder bites you but does no damage.
The adder closely misses you.
You miss the adder.
The adder is moderately wounded.
You feel sick. The adder barely misses you.
You hit the adder.
The adder is heavily wounded.
You feel sick. The adder bites you. x2
You barely miss the adder.
The adder is heavily wounded.
You feel sick. The adder closely misses you.
You closely miss the adder.
The adder is heavily wounded.
You feel sick. The adder closely misses you. The adder barely misses you.
You barely miss the adder.
The adder is heavily wounded.
You feel sick.
You are no longer poisoned.
The adder bites you but does no damage.
You closely miss the adder.
The adder is heavily wounded.
The adder bites you.
* * * LOW HITPOINT WARNING * * *
You are poisoned.
The adder poisons you! The adder closely misses you.
You miss the adder.
The adder is heavily wounded.
You feel sick. The adder bites you.
* * * LOW HITPOINT WARNING * * *
You closely miss the adder.
The adder is heavily wounded.
You feel sick. The adder barely misses you. The adder bites you.
* * * LOW HITPOINT WARNING * * *
You barely miss the adder.
The adder is heavily wounded.
* * * LOW HITPOINT WARNING * * *
You feel sick. The adder bites you.
You die...

#.#.# #.. #.#.#
#.# #.#.# #.#
#.#.# #.# #.#.#
#.# #.#.# #.#
#.#.#
#S#######.#.#
#@..........#
#########.########
#.........
##########


You could see an adder.

Vanquished Creatures
  An adder (D:2)
  3 dart slugs
  6 ball pythons
  2 endoplasms
  2 goblins (D:1)
  2 hobgoblins
  3 jackals (D:1)
  3 kobolds
  4 quokkas
  2 bats (D:1)
  3 frilled lizards
  A rat (D:2)
32 creatures vanquished.

Notes
Turn   | Place    | Note
-------+----------+-------------------------------------------
     0 | D:1      | xian the Ogre Berserker began the quest for the Orb.
     0 | D:1      | Reached XP level 1. HP: 24/24 MP: 1/1
   234 | D:1      | Reached XP level 2. HP: 30/32 MP: 2/2
   845 | D:1      | Reached XP level 3. HP: 35/40 MP: 3/3
  1458 | D:2      | Reached ** piety under Trog
  2360 | D:2      | HP: 2/40 [adder (4)]
  2361 | D:2      | Slain by an adder

Illustrated notes

Levels and vault maps discovered:
D:1:      denvon_arrival_hothouse, layout_basic, serial_aquarium,
          aquarium_bridge_square [aquarium_subvault_wall,
          aquarium_subvault_bridge, aquarium_subvault_window,
          aquarium_subvault_wall], aquarium_window_2,
          aquarium_window_corridor_1, aquarium_view_2d, aquarium_view_2d,
          aquarium_balcony_double_1
D:2:      layout_basic, grunt_ministairs_6, minmay_tiny_reverse_x

Skill      XL: |  1  2 |
---------------+-------+-----
Dodging        | 3 |  3.3
Fighting       | |  4.6
Axes           | |  3.6
Stealth        | |  0.1

Action                   || total
-------------------------++-------
Melee: Hand axe          ||   112
       Punch             ||     2
Armor: Animal skin       ||    29
Dodge: Dodged            ||    54
